 Dungeon Crawl Stone Soup version 0.22.0-5-gf09313c (webtiles) character file.

683 Gergoth the Magician (level 7, -8/36 HPs)
             Began as a Deep Elf Fire Elementalist on Aug 13, 2018.
             Killed from afar by a jelly (44 damage)
             ... with an exploding inner flame
             ... hexed by the player character
             ... on level 6 of the Dungeon.
             The game lasted 00:12:20 (4508 turns).

Gergoth the Magician (Deep Elf Fire Elementalist)   Turns: 4508, Time: 00:12:22

Health: -8/36      AC:  5    Str:  5    XL:     7   Next: 35%
Magic:  7/17       EV: 16    Int: 22    God:
Gold:   166        SH:  0    Dex: 21    Spells: 5/17 levels left

rFire    . . .     SeeInvis .   d - +0 dagger (venom)
rCold    . . .     Gourm    .   (no shield)
rNeg     . . .     Faith    .   a - +0 robe
rPois    .         Spirit   .   u - +1 helmet
rElec    .         Reflect  .   m - +0 cloak
rCorr    +         Harm     .   (no gloves)
MR       .....                  (no boots)
Stlth    +++.......             (no amulet)
HPRegen  0.12/turn              s - +6 ring of dexterity
MPRegen  0.15/turn              k - ring of resist corrosion

@: very slightly contaminated
A: no striking features
a: no special abilities


You were on level 6 of the Dungeon.
You were not hungry.

You visited 1 branch of the dungeon, and saw 6 of its levels.

You collected 166 gold pieces.

Inventory:

Hand Weapons
 d - a +0 dagger of venom (weapon)
Armour
 a - a +0 robe (worn)
 m - a +0 cloak (worn)
 u - a +1 helmet (worn)
Jewellery
 k - a ring of resist corrosion (right hand)
 s - a +6 ring of dexterity (left hand)
Wands
 b - a wand of enslavement (11)
Scrolls
 e - 2 scrolls of teleportation
 h - 2 scrolls of fog
Potions
 g - a potion of cancellation {unknown}
 i - 4 potions of haste
 j - 2 potions of magic
 l - a potion of flight {unknown}
 p - a potion of curing {unknown}
 r - a potion of might {unknown}
Comestibles
 c - 5 rations
 f - 4 chunks of flesh


   Skills:
 - Level 4.7 Dodging
 - Level 5.0 Stealth
 + Level 5.6 Spellcasting
 + Level 4.1 Conjurations
 + Level 5.2 Fire Magic


You had 5 spell levels left.
You knew the following spells:

 Your Spells              Type           Power        Failure   Level  Hunger
a - Flame Tongue          Conj/Fire      ####.        1%          1    None
b - Conjure Flame         Conj/Fire      ####....     4%          3    ##.....
c - Inner Flame           Hex/Fire       ###.....     10%         3    ##.....
d - Fireball              Conj/Fire      ####......   36%         5    #####..

Your spell library contained the following spells:

 Spells                   Type           Power        Failure   Level  Hunger
 Throw Flame              Conj/Fire      ####..       2%          2    None
 Sticky Flame             Conj/Fire      ####....     14%         4    ####...


Dungeon Overview and Level Annotations

Branches:
Dungeon (6/15)             Temple (0/1) D:6

Altars:
Gozag

Shops:
D:4 *

Annotations:
D:3 Grinder, Sigmund
D:4 Ijyb
D:5 Dowan, Duvessa


Message History

Aim: a jelly (moderately wounded, inner flame)
The flame tongue hits the jelly.
The jelly is severely wounded.
Casting: Flame Tongue (safe; 1% risk of failure)
Confirm with . or Enter, or press ? or * to list all spells.
Aiming: Flame Tongue (safe; 1% risk of failure)
Press: ? - help, Shift-Dir - straight line, f/p - jelly
Aim: a jelly (severely wounded, inner flame)
The flame tongue hits the jelly.
The jelly is almost dead.
Casting: Flame Tongue (safe; 1% risk of failure)
Confirm with . or Enter, or press ? or * to list all spells.
Aiming: Flame Tongue (safe; 1% risk of failure)
Press: ? - help, Shift-Dir - straight line, f/p - jelly
Aim: a jelly (almost dead, inner flame)
The flame tongue hits the jelly.
The jelly explodes!
The fiery explosion engulfs you!
Ouch! That really hurt!
You die...

,,,,***,* *,,,,,,,,,,,,****
***,*
*,*********,###***,,,,,,,,,
*,***,**,,,,,**,#..,,,,***,****
*,*,,,,,*,,,,,,,#.#***** *,*
*,*,,,,***,*,***#.# *,****
*,*,,**,*,**,* #.# *,,,,,
*,*,,***,**#,* #.# ******
*,*,,**#####§####.#####
*,,,,,,.....§.@.......#
***,,**#########..###.# **,,*
#...##.# *,,,* #.#.##.#######**
*,*,* #.#.##<.......,, *,*,*
#.#.##########** *,*,* #.#.#
****,*,** #.#.# ,,,,,,*,**
*,*,* *******


There were no monsters in sight!

Vanquished Creatures
  An ice beast (D:5)
  Blork the orc (D:5)
  A scorpion (D:4)
  A water moccasin skeleton (D:4)
  2 howler monkeys (D:4)
  2 iguanas (D:4)
  2 orc wizards (D:5)
  A worker ant (D:4)
  A hound skeleton (D:4)
  9 adders
  A shadow imp (D:5)
  An ooze (D:3)
  2 worms (D:2)
  2 dart slugs
  5 leopard geckos
  12 orcs
  6 bats
  6 giant cockroaches
  12 goblins
  11 hobgoblins
  3 jackals (D:4)
  4 quokkas
  6 frilled lizards
  9 kobolds
  2 rats (D:1)
103 creatures vanquished.

Notes
Turn   | Place    | Note
-------+----------+-------------------------------------------
     0 | D:1      | Gergoth the Deep Elf Fire Elementalist began the quest for the Orb.
     0 | D:1      | Reached XP level 1. HP: 10/10 MP: 6/6
   176 | D:1      | Reached XP level 2. HP: 15/15 MP: 4/8
   623 | D:1      | Reached XP level 3. HP: 19/19 MP: 6/9
  1566 | D:2      | Reached XP level 4. HP: 24/24 MP: 8/11
  2237 | D:3      | Learned a level 3 spell: Conjure Flame
  2241 | D:3      | Learned a level 3 spell: Inner Flame
  2383 | D:3      | Noticed Grinder
  2385 | D:3      | Noticed Sigmund
  2418 | D:4      | Reached XP level 5. HP: 13/28 MP: 2/13
  3101 | D:4      | Reached XP level 6. HP: 28/32 MP: 9/14
  3275 | D:4      | Reached skill level 5 in Spellcasting
  3407 | D:4      | Found an opulent altar of Gozag.
  3409 | D:4      | Found Gozag's Platinum Reserve.
  3674 | D:4      | Noticed Ijyb
  3901 | D:5      | Entered Level 5 of the Dungeon
  3912 | D:5      | Noticed an ice beast
  3926 | D:5      | Killed an ice beast
  3926 | D:5      | Reached skill level 5 in Stealth
  3926 | D:5      | Reached XP level 7. HP: 26/36 MP: 8/16
  3946 | D:5      | Noticed Blork the orc
  4143 | D:5      | Noticed Dowan
  4178 | D:5      | Killed Blork the orc
  4178 | D:5      | Reached skill level 5 in Fire Magic
  4456 | D:5      | Noticed Duvessa
  4486 | D:5      | Learned a level 5 spell: Fireball
  4508 | D:6      | Killed from afar by a jelly

Skill      XL: |  1  2  3  4  5  6  7 |
---------------+----------------------+-----
Stealth        | 3 4 5 |  5.0
Dodging        | 3 4 |  4.7
Conjurations   | 2 3 4 |  4.1
Fire Magic     | 4 5 |  5.2
Spellcasting   | 4 5 |  5.6

Action                   |  1- 3 |  4- 6 |  7- 9 || total
-------------------------+-------+-------+-------++-------
Melee: Unarmed           |     1 |       |       ||     1
       Short sword       |       |    26 |       ||    26
       Dagger            |       |       |    10 ||    10
 Cast: Flame Tongue      |    75 |   123 |    27 ||   225
       Conjure Flame     |       |     3 |     1 ||     4
       Inner Flame       |       |       |     2 ||     2
  Use: Scroll            |       |    10 |     3 ||    13
 Stab: Sleeping          |       |     5 |     1 ||     6
  Eat: Chunk             |     2 |     7 |     2 ||    11
Armor: Robe              |     3 |    13 |     3 ||    19
Dodge: Dodged            |    20 |    43 |    14 ||    77
